 Dungeon Crawl Stone Soup version 0.22-a0-422-g9628fc8 (webtiles) character file.

2746 Mgcat the Magician (level 9, -3/66 HPs)
             Began as a Gnoll Earth Elementalist on May 20, 2018.
             Was a Follower of Sif Muna.
             Slain by a skeletal warrior
             ... wielding a +0 trident
              (20 damage)
             ... on level 6 of the Dungeon.
             The game lasted 00:19:05 (7356 turns).

Mgcat the Magician (Gnoll Earth Elementalist)       Turns: 7356, Time: 00:19:06

Health: -3/66      AC:  9    Str: 11    XL:     9   Next: 68%
Magic:  13/19      EV: 16    Int: 21    God:    Sif Muna [*.....]
Gold:   173        SH:  0    Dex: 15    Spells: 12/21 levels left

rFire    . . .     SeeInvis .   G - staff of conjuration {!a}
rCold    . . .     Gourm    .   (no shield)
rNeg     + . .     Faith    .   c - +0 robe
rPois    .         Spirit   .   o - +2 helmet
rElec    .         Reflect  .   k - +0 cloak
rCorr    .         Harm     .   (no gloves)
MR       .....                  z - +1 pair of boots
Stlth    +++.......             n - amulet of the acrobat
HPRegen  0.21/turn              w - ring of positive energy {rN+}
MPRegen  0.16/turn              (no ring)

@: divine energy
A: distributed training, fangs 1, strong nose
a: Stop Divine Energy, Renounce Religion


You were on level 6 of the Dungeon.
You worshipped Sif Muna.
Sif Muna was aware of your devotion.
You were very hungry.

You visited 2 branches of the dungeon, and saw 8 of its levels.

You collected 173 gold pieces.

Inventory:

Hand Weapons
 f - a +0 spear of venom
   (You found it on level 1 of the Dungeon)
 y - a +2 flail of protection
   (You took it off Edmund on level 5 of the Dungeon)
Missiles
 b - 138 stones (quivered)
Armour
 c - a +0 robe (worn)
 k - a +0 cloak (worn)
   (You found it on level 5 of the Dungeon)
 o - a +2 helmet (worn)
   (You took it off Robin on level 2 of the Dungeon)
 z - a +1 pair of boots (worn)
   (You found it on level 4 of the Dungeon)
Magical Staves
 G - an uncursed staff of conjuration (weapon) {!a}
   (You took it off an orc wizard on level 7 of the Dungeon)
Jewellery
 n - an amulet of the acrobat (around neck)
   (You found it on level 2 of the Dungeon)
 w - a ring of positive energy (left hand) {rN+}
   (You found it on level 4 of the Dungeon)
Wands
 s - a wand of iceblast (5)
   (You found it on level 4 of the Dungeon)
 E - a wand of flame (40)
   (You found it on level 6 of the Dungeon)
Scrolls
 e - 4 scrolls of teleportation
 i - a scroll of immolation {!r}
 m - 2 scrolls of fog
 r - a scroll of brand weapon {unknown}
 t - a scroll of fear
 v - 6 scrolls of identify
 x - a scroll of amnesia
 C - 3 scrolls of remove curse
 D - a scroll of blinking {unknown}
Potions
 a - a potion of ambrosia {unknown}
 g - a potion of berserk rage {unknown}
 h - a potion of resistance
 j - 2 potions of invisibility
 p - a potion of degeneration {unknown}
 q - 3 potions of curing {unknown}
 u - a potion of mutation {unknown}
 A - a potion of heal wounds {unknown}
 B - a potion of agility {unknown}
 F - a potion of magic {unknown}
Comestibles
 d - 14 rations


   Skills:
 + Level 4.4 Fighting
 + Level 4.4 Short Blades
 + Level 4.4 Long Blades
 + Level 4.4 Axes
 + Level 4.4 Maces & Flails
 + Level 4.4 Polearms
 + Level 4.4 Staves
 + Level 4.4 Slings
 + Level 4.4 Bows
 + Level 4.4 Crossbows
 + Level 4.4 Throwing
 + Level 4.4 Armour
 + Level 6.4 Dodging
 + Level 6.1 Stealth
 + Level 4.4 Shields
 + Level 4.4 Unarmed Combat
 + Level 6.7 Spellcasting
 + Level 3.6 Conjurations
 + Level 3.6 Hexes
 + Level 3.6 Charms
 + Level 3.6 Summonings
 + Level 3.6 Necromancy
 + Level 3.6 Translocations
 + Level 4.2 Transmutations
 + Level 3.6 Fire Magic
 + Level 3.6 Ice Magic
 + Level 3.6 Air Magic
 + Level 6.6 Earth Magic
 + Level 3.6 Poison Magic
 + Level 4.8 Invocations
 + Level 4.4 Evocations


You had 12 spell levels left.
You knew the following spells:

 Your Spells              Type           Power        Failure   Level  Hunger
a - Sandblast             Erth           #####.       1%          1    None
b - Stone Arrow           Conj/Erth      #####.       3%          3    #......
c - Lee's Rapid Deconstr  Erth           #####.....   16%         5    #####..

Your spell library contained the following spells:

 Spells                   Type           Power        Failure   Level  Hunger
 Passwall                 Tmut/Erth      ####......   1%          2    None
 Petrify                  Tmut/Erth      ####....     10%         4    ###....


Dungeon Overview and Level Annotations

Branches:
Dungeon (7/15)             Temple (1/1) D:5

Altars:
Cheibriados
Dithmenos
Elyvilon
Gozag
Makhleb
Nemelex Xobeh
Okawaru
Ru
Sif Muna
Uskayaw
Vehumet
Yredelemnul
Zin
The Shining One

Shops:
D:5 *


Innate Abilities, Weirdness & Mutations

Your experience applies equally to all skills.
You have very sharp teeth.
Your uncanny sense of smell can sniff out nearby items.


Message History

You feel a surge of power!
The stone arrow hits the ice beast.
You kill the ice beast!
Sif Muna accepts your kill.
Your life force feels restored.
Casting: Stone Arrow (safe; 3% risk of failure)
Confirm with . or Enter, or press ? or * to list all spells.
Aiming: Stone Arrow (safe; 3% risk of failure)
Press: ? - help, Shift-Dir - straight line, f - quasit
Aim: a quasit You feel a surge of power!
The stone arrow hits the quasit.
The quasit completely misses you. The quasit closely misses you.
The quasit barely misses you.
Casting: Stone Arrow (safe; 3% risk of failure)
Confirm with . or Enter, or press ? or * to list all spells.
Aiming: Stone Arrow (safe; 3% risk of failure)
Press: ? - help, Shift-Dir - straight line, f/p - quasit
Aim: a quasit You feel a surge of power!
The stone arrow hits the quasit.
You kill the quasit!
Sif Muna accepts your kill.
The iguana is too close now for your liking.
Casting: Stone Arrow (safe; 3% risk of failure)
Confirm with . or Enter, or press ? or * to list all spells.
You can't see any susceptible monsters within range! (Use Z to cast anyway.)
Casting: Stone Arrow (safe; 3% risk of failure)
Confirm with . or Enter, or press ? or * to list all spells.
You can't see any susceptible monsters within range! (Use Z to cast anyway.)
Casting: Stone Arrow (safe; 3% risk of failure)
Confirm with . or Enter, or press ? or * to list all spells.
You can't see any susceptible monsters within range! (Use Z to cast anyway.)
Casting: Stone Arrow (safe; 3% risk of failure)
Confirm with . or Enter, or press ? or * to list all spells.
Aiming: Stone Arrow (safe; 3% risk of failure)
Press: ? - help, Shift-Dir - straight line, f - iguana
Aim: an iguana (hasn't noticed you)
You feel a surge of power!
The stone arrow misses the iguana.
The iguana hisses angrily.
Casting: Stone Arrow (safe; 3% risk of failure)
Confirm with . or Enter, or press ? or * to list all spells.
Aiming: Stone Arrow (safe; 3% risk of failure)
Press: ? - help, Shift-Dir - straight line, f/p - iguana
Aim: an iguana You feel a surge of power!
The stone arrow misses the iguana.
Casting: Stone Arrow (safe; 3% risk of failure)
Confirm with . or Enter, or press ? or * to list all spells.
Aiming: Stone Arrow (safe; 3% risk of failure)
Press: ? - help, Shift-Dir - straight line, f/p - iguana
Aim: an iguana You feel a surge of power!
The stone arrow hits the iguana.
The iguana is heavily wounded.
You are feeling very hungry.
The iguana completely misses you.
Casting: Stone Arrow (safe; 3% risk of failure)
Confirm with . or Enter, or press ? or * to list all spells.
Aiming: Stone Arrow (safe; 3% risk of failure)
Press: ? - help, Shift-Dir - straight line, f/p - iguana
Aim: an iguana (heavily wounded)
You feel a surge of power!
The stone arrow hits the iguana.
You kill the iguana!
Sif Muna accepts your kill.
The skeletal warrior is too close now for your liking.
The skeletal warrior hits you from afar with a trident!
There is a stone staircase leading up, spattered with blood here.
The skeletal warrior hits you from afar with a trident.
You climb upwards.
There is a stone staircase leading down here.
Magic restored.
Done exploring.
You start resting.
HP restored.
You climb downwards.
The skeletal warrior hits you with a hand axe!
The skeletal warrior hits you with a trident!!
There is a stone staircase leading up, spattered with blood here.
The skeletal warrior hits you with a trident.
The skeletal warrior hits you with a hand axe.
You climb upwards.
There is a stone staircase leading down here.
The skeletal warrior misses you.
You see here an arrow.
Casting: Stone Arrow (safe; 3% risk of failure)
Confirm with . or Enter, or press ? or * to list all spells.
Aiming: Stone Arrow (safe; 3% risk of failure)
Press: ? - help, Shift-Dir - straight line, f - skeletal warrior
Aim: a skeletal warrior, wielding a hand axe You feel a surge of power!
The stone arrow hits the skeletal warrior.
The skeletal warrior is lightly damaged.
The skeletal warrior hits you with a hand axe!!
* * * LOW HITPOINT WARNING * * *
Casting: Stone Arrow (safe; 3% risk of failure)
Confirm with . or Enter, or press ? or * to list all spells.
Aiming: Stone Arrow (safe; 3% risk of failure)
Press: ? - help, Shift-Dir - straight line, f/p - skeletal warrior
Aim: a skeletal warrior, wielding a hand axe (lightly damaged)
You feel a surge of power!
The stone arrow hits the skeletal warrior.
The skeletal warrior is lightly damaged.
The skeletal warrior hits you from afar with a trident!!
You die...

####..................#
#
#..................###
#...................##
#.....####............
###...........)......#
#..........##.......
#..........###.....)
#.........))##......
#..@....#.(........)
####z###..(.(........
#...z.....#.#.....≈≈≈
#.............#..≈≈≈≈
#.......(>##....≈≈###
####...#######..≈≈#.'
#.(.### ##.≈≈###
#.....# ####.≈≈≈≈≈
#####
##.#...###....≈≈≈≈≈


You could see 2 skeletal warriors.

Vanquished Creatures
  A gargoyle (D:7)
  Prince Ribbit (D:5)
  Sigmund (D:2)
  Edmund (D:5)
  The ghost of Mgcat the Magician, an amateur DEEE (D:4)
  2 phantoms
  2 ice beasts
  A black bear (D:7)
  3 centaurs
  2 bullfrogs
  An electric eel (D:6)
  A centaur zombie (D:5)
  4 crimson imps
  A quasit (D:7)
  An orc priest (D:6)
  4 hounds
  Terence (D:2)
  2 iguanas
  7 orc wizards
  4 worker ants
  A hound skeleton (D:5)
  A worker ant zombie (D:7)
  Robin (D:2)
  5 gnolls
  10 adders
  A howler monkey skeleton (D:5)
  A worm (D:2)
  2 dart slugs
  3 leopard geckos
  23 orcs
  2 ball pythons
  3 giant cockroaches
  13 goblins
  15 hobgoblins
  4 quokkas
  15 bats
  6 frilled lizards
  5 kobolds
  11 rats
  4 fungi (D:6)
167 creatures vanquished.

Notes
Turn   | Place    | Note
-------+----------+-------------------------------------------
     0 | D:1      | Mgcat the Gnoll Earth Elementalist began the quest for the Orb.
     0 | D:1      | Reached XP level 1. HP: 13/13 MP: 6/6
    55 | D:1      | Reached skill level 2 in Transmutations
    83 | D:1      | Reached XP level 2. HP: 9/19 MP: 5/7
   597 | D:1      | Reached skill level 5 in Spellcasting
   597 | D:1      | Reached XP level 3. HP: 23/25 MP: 7/9
   740 | D:1      | Learned a level 3 spell: Stone Arrow
   979 | D:2      | Reached skill level 1 in Invocations
   987 | D:2      | Noticed Terence
   991 | D:2      | Killed Terence
   991 | D:2      | Reached skill level 1 in Fighting
   991 | D:2      | Reached skill level 1 in Short Blades
   991 | D:2      | Reached skill level 1 in Long Blades
   991 | D:2      | Reached skill level 1 in Axes
   991 | D:2      | Reached skill level 1 in Maces & Flails
   991 | D:2      | Reached skill level 1 in Polearms
   991 | D:2      | Reached skill level 1 in Staves
   991 | D:2      | Reached skill level 1 in Slings
   991 | D:2      | Reached skill level 1 in Bows
   991 | D:2      | Reached skill level 1 in Crossbows
   991 | D:2      | Reached skill level 1 in Throwing
   991 | D:2      | Reached skill level 1 in Armour
   991 | D:2      | Reached skill level 1 in Shields
   991 | D:2      | Reached skill level 1 in Unarmed Combat
   991 | D:2      | Reached skill level 1 in Evocations
   991 | D:2      | Reached XP level 4. HP: 32/32 MP: 4/11
  1228 | D:2      | Found a sacrificial altar of Ru.
  1244 | D:2      | Reached skill level 1 in Conjurations
  1244 | D:2      | Reached skill level 1 in Hexes
  1244 | D:2      | Reached skill level 1 in Charms
  1244 | D:2      | Reached skill level 1 in Summonings
  1244 | D:2      | Reached skill level 1 in Necromancy
  1244 | D:2      | Reached skill level 1 in Translocations
  1244 | D:2      | Reached skill level 1 in Fire Magic
  1244 | D:2      | Reached skill level 1 in Ice Magic
  1244 | D:2      | Reached skill level 1 in Air Magic
  1244 | D:2      | Reached skill level 1 in Poison Magic
  1384 | D:2      | Reached XP level 5. HP: 35/37 MP: 12/12
  1389 | D:2      | Noticed Robin
  1419 | D:2      | Killed Robin
  2096 | D:2      | Noticed Sigmund
  2101 | D:2      | Killed Sigmund
  2101 | D:2      | Reached skill level 5 in Dodging
  2101 | D:2      | Reached skill level 2 in Invocations
  2101 | D:2      | Reached XP level 6. HP: 35/44 MP: 3/14
  2210 | D:2      | Reached skill level 2 in Fighting
  2210 | D:2      | Reached skill level 2 in Short Blades
  2210 | D:2      | Reached skill level 2 in Long Blades
  2210 | D:2      | Reached skill level 2 in Axes
  2210 | D:2      | Reached skill level 2 in Maces & Flails
  2210 | D:2      | Reached skill level 2 in Polearms
  2210 | D:2      | Reached skill level 2 in Staves
  2210 | D:2      | Reached skill level 2 in Slings
  2210 | D:2      | Reached skill level 2 in Bows
  2210 | D:2      | Reached skill level 2 in Crossbows
  2210 | D:2      | Reached skill level 2 in Throwing
  2210 | D:2      | Reached skill level 2 in Armour
  2210 | D:2      | Reached skill level 2 in Shields
  2210 | D:2      | Reached skill level 2 in Unarmed Combat
  2210 | D:2      | Reached skill level 2 in Evocations
  2410 | D:3      | Found a faded altar of an unknown god.
  2530 | D:3      | HP: 6/44 [centaur (7)]
  2531 | D:3      | Reached XP level 7. HP: 7/50 MP: 6/15
  3516 | D:4      | Found a burning altar of Makhleb.
  3526 | D:4      | Reached skill level 2 in Conjurations
  3526 | D:4      | Reached skill level 2 in Hexes
  3526 | D:4      | Reached skill level 2 in Charms
  3526 | D:4      | Reached skill level 2 in Summonings
  3526 | D:4      | Reached skill level 2 in Necromancy
  3526 | D:4      | Reached skill level 2 in Translocations
  3526 | D:4      | Reached skill level 3 in Transmutations
  3526 | D:4      | Reached skill level 2 in Fire Magic
  3526 | D:4      | Reached skill level 2 in Ice Magic
  3526 | D:4      | Reached skill level 2 in Air Magic
  3526 | D:4      | Reached skill level 2 in Poison Magic
  3593 | D:4      | Learned a level 5 spell: Lee's Rapid Deconstruction
  3632 | D:4      | Noticed Mgcat's ghost (amateur DEEE)
  3645 | D:4      | Killed Mgcat's ghost
  3645 | D:4      | Reached skill level 5 in Stealth
  3645 | D:4      | Reached skill level 3 in Invocations
  3866 | D:4      | Found a glowing silver altar of Zin.
  3867 | D:4      | Noticed an angel
  3867 | D:4      | Noticed a blizzard demon
  3977 | D:5      | Entered Level 5 of the Dungeon
  3986 | D:5      | Reached XP level 8. HP: 55/57 MP: 9/16
  4110 | D:5      | Found Dimm's Assorted Antiques.
  4114 | D:5      | Reached skill level 6 in Earth Magic
  4303 | D:5      | Noticed Prince Ribbit
  4309 | D:5      | Killed Prince Ribbit
  4309 | D:5      | Reached skill level 3 in Fighting
  4309 | D:5      | Reached skill level 3 in Short Blades
  4309 | D:5      | Reached skill level 3 in Long Blades
  4309 | D:5      | Reached skill level 3 in Axes
  4309 | D:5      | Reached skill level 3 in Maces & Flails
  4309 | D:5      | Reached skill level 3 in Polearms
  4309 | D:5      | Reached skill level 3 in Staves
  4309 | D:5      | Reached skill level 3 in Slings
  4309 | D:5      | Reached skill level 3 in Bows
  4309 | D:5      | Reached skill level 3 in Crossbows
  4309 | D:5      | Reached skill level 3 in Throwing
  4309 | D:5      | Reached skill level 3 in Armour
  4309 | D:5      | Reached skill level 3 in Shields
  4309 | D:5      | Reached skill level 3 in Unarmed Combat
  4309 | D:5      | Reached skill level 3 in Evocations
  4372 | D:5      | Found a staircase to the Ecumenical Temple.
  4388 | Temple   | Entered the Ecumenical Temple
  4447 | Temple   | Became a worshipper of Sif Muna the Loreminder
  4491 | D:5      | Found a basalt altar of Yredelemnul.
  4557 | D:5      | Reached skill level 6 in Spellcasting
  4673 | D:5      | Noticed Edmund
  4685 | D:5      | Killed Edmund
  5631 | D:6      | HP: 12/58 [orc priest/trident (6)]
  5637 | D:7      | Reached skill level 4 in Invocations
  5938 | D:7      | Reached skill level 3 in Conjurations
  5938 | D:7      | Reached skill level 3 in Hexes
  5938 | D:7      | Reached skill level 3 in Charms
  5938 | D:7      | Reached skill level 3 in Summonings
  5938 | D:7      | Reached skill level 3 in Necromancy
  5938 | D:7      | Reached skill level 3 in Translocations
  5938 | D:7      | Reached skill level 3 in Fire Magic
  5938 | D:7      | Reached skill level 3 in Ice Magic
  5938 | D:7      | Reached skill level 3 in Air Magic
  5938 | D:7      | Reached skill level 3 in Poison Magic
  5941 | D:7      | Reached skill level 6 in Dodging
  5941 | D:7      | Reached XP level 9. HP: 62/65 MP: 8/18
  5952 | D:7      | Noticed a gargoyle
  6013 | D:7      | Killed a gargoyle
  6143 | D:7      | Reached skill level 4 in Fighting
  6143 | D:7      | Reached skill level 4 in Short Blades
  6143 | D:7      | Reached skill level 4 in Long Blades
  6143 | D:7      | Reached skill level 4 in Axes
  6143 | D:7      | Reached skill level 4 in Maces & Flails
  6143 | D:7      | Reached skill level 4 in Polearms
  6143 | D:7      | Reached skill level 4 in Staves
  6143 | D:7      | Reached skill level 4 in Slings
  6143 | D:7      | Reached skill level 4 in Bows
  6143 | D:7      | Reached skill level 4 in Crossbows
  6143 | D:7      | Reached skill level 4 in Throwing
  6143 | D:7      | Reached skill level 4 in Armour
  6143 | D:7      | Reached skill level 4 in Shields
  6143 | D:7      | Reached skill level 4 in Unarmed Combat
  6143 | D:7      | Reached skill level 4 in Transmutations
  6143 | D:7      | Reached skill level 4 in Evocations
  6184 | D:7      | Noticed a skeletal warrior
  6189 | D:7      | Noticed a skeletal warrior
  6190 | D:7      | Noticed a skeletal warrior
  6209 | D:7      | Noticed a skeletal warrior
  6210 | D:7      | Noticed a skeletal warrior
  6427 | D:6      | Reached skill level 6 in Stealth
  6447 | D:6      | Reached * piety under Sif Muna
  7356 | D:6      | Slain by a skeletal warrior

Vault maps used:
D:1:      matt_arrival_debris, st_stairs_12, minmay_tetromino_o2
D:2:      kennysheep_big_flooded_room, nicolae_ru_great_annihilating_truth,
          uniq_terence, uniq_robin, uniq_sigmund
D:3:      chequers_ecumenical_altar_simple_redux
D:4:      grunt_temple_overflow_order_and_chaos_2, first_ration,
          grunt_decor_fettered
D:5:      yredelemnul_altar_generic, minmay_temple_entry_statues_fountains,
          serial_shops, shop, uniq_prince_ribbit1, uniq_edmund
D:6:      water_boxes_lemuel
D:7:      minmay_the_grid_square_5x5_3x3, xom_redecorated,
          hangedman_decor_clover_reticule
Temple:   eino_wide_crystal_templ

Skill      XL: |  1  2  3  4  5  6  7  8  9 |
---------------+----------------------------+-----
Transmutations | 2 3 4 |  4.2
Spellcasting   | 5 6 |  6.7
Invocations    | 1 2 3 4 |  4.8
Fighting       | 1 2 3 4 |  4.4
Short Blades   | 1 2 3 4 |  4.4
Long Blades    | 1 2 3 4 |  4.4
Axes           | 1 2 3 4 |  4.4
Maces & Flails | 1 2 3 4 |  4.4
Polearms       | 1 2 3 4 |  4.4
Staves         | 1 2 3 4 |  4.4
Slings         | 1 2 3 4 |  4.4
Bows           | 1 2 3 4 |  4.4
Crossbows      | 1 2 3 4 |  4.4
Throwing       | 1 2 3 4 |  4.4
Armour         | 1 2 3 4 |  4.4
Shields        | 1 2 3 4 |  4.4
Unarmed Combat | 1 2 3 4 |  4.4
Evocations     | 1 2 3 4 |  4.4
Conjurations   | 1 2 3 |  3.6
Hexes          | 1 2 3 |  3.6
Charms         | 1 2 3 |  3.6
Summonings     | 1 2 3 |  3.6
Necromancy     | 1 2 3 |  3.6
Translocations | 1 2 3 |  3.6
Fire Magic     | 1 2 3 |  3.6
Ice Magic      | 1 2 3 |  3.6
Air Magic      | 1 2 3 |  3.6
Poison Magic   | 1 2 3 |  3.6
Dodging        | 5 6 |  6.4
Stealth        | 5 6 |  6.1
Earth Magic    | 6 |  6.6

Action                   |  1- 3 |  4- 6 |  7- 9 || total
-------------------------+-------+-------+-------++-------
Melee: Unarmed           |    26 |       |       ||    26
       Bite              |     4 |    12 |    11 ||    27
       Spear             |    51 |    80 |     7 ||   138
       Dagger            |       |    30 |    21 ||    51
       Flail             |       |       |    30 ||    30
       Punch             |       |       |     1 ||     1
       Staff             |       |       |    12 ||    12
 Cast: Sandblast         |     7 |    17 |    54 ||    78
       Stone Arrow       |     1 |     9 |   125 ||   135
Invok: Divine Energy     |       |       |     1 ||     1
  Use: Scroll            |       |     8 |     6 ||    14
       Potion            |       |       |     1 ||     1
 Stab: Sleeping          |    10 |     8 |     7 ||    25
  Eat: Chunk             |       |     6 |    16 ||    22
Armor: Robe              |    18 |    25 |    33 ||    76
Dodge: Dodged            |    51 |   109 |   113 ||   273

Table legend:
 A = Spawn XP
 B = Non-spawn XP
 C = Spawn XP percentage of total XP
 D = Spawn monster count
 E = Non-spawn monster count
 F = Spawn count percentage of total count
 G = Total turns spent on level
                    A         B        C        D         E        F      G
               +---------+---------+-------+---------+---------+-------+---------
         Total |       0 |    3923 |   0.0 |       0 |     163 |   0.0 |  7356
               +---------+---------+-------+---------+---------+-------+---------
           D:1 |       0 |      55 |   0.0 |       0 |      28 |   0.0 |   977
           D:2 |       0 |     424 |   0.0 |       0 |      40 |   0.0 |  1329
           D:3 |       0 |     217 |   0.0 |       0 |      20 |   0.0 |   879
           D:4 |       0 |     459 |   0.0 |       0 |      14 |   0.0 |   810
           D:5 |       0 |     771 |   0.0 |       0 |      24 |   0.0 |  1408
           D:6 |       0 |    1014 |   0.0 |       0 |      24 |   0.0 |  1185
           D:7 |       0 |     983 |   0.0 |       0 |      13 |   0.0 |   691
               +---------+---------+-------+---------+---------+-------+---------

Vault maps used:
D:1:      matt_arrival_debris, st_stairs_12, minmay_tetromino_o2
D:2:      kennysheep_big_flooded_room, nicolae_ru_great_annihilating_truth,
          uniq_terence, uniq_robin, uniq_sigmund
D:3:      chequers_ecumenical_altar_simple_redux
D:4:      grunt_temple_overflow_order_and_chaos_2, first_ration,
          grunt_decor_fettered
D:5:      yredelemnul_altar_generic, minmay_temple_entry_statues_fountains,
          serial_shops, shop, uniq_prince_ribbit1, uniq_edmund
D:6:      water_boxes_lemuel
D:7:      minmay_the_grid_square_5x5_3x3, xom_redecorated,
          hangedman_decor_clover_reticule
Temple:   eino_wide_crystal_templ

Table legend:
 A = Turns spent in this place as a percentage of turns spent in the entire game.
 B = Non-inter-level travel turns spent in this place as a percentage of non-inter-level travel turns spent in the entire game.
 C = Inter-level travel turns spent in this place as a percentage of turns spent in this place.
 D = Turns resting spent in this place as a percentage of non-inter-level travel turns spent in this place.
 E = Turns spent auto-exploring this place as a percentage of non-inter-level travel turns spent in this place.
 F = Non-inter-level travel turns spent in this place divided by the number of levels of this place that you've seen.
                   A       B       C       D       E      F
               +-------+-------+-------+-------+-------+----------------------
         Total | 100.0 | 100.0 |   3.1 |   1.2 |  79.8 | 890.9
       Dungeon |  99.0 |  99.1 |   2.9 |   1.2 |  79.8 | 1009.3
        Temple |   1.0 |   0.9 |  19.5 |   0.0 |  82.3 |  62.0
               +-------+-------+-------+-------+-------+----------------------

Table legend:
 A = Kills in this place as a percentage of kills in entire the game.
 B = Kills by you in this place as a percentage of kills by you in the entire game.
 C = Kills by friends in this place as a percentage of kills by friends in the entire game.
 D = Other kills in this place as a percentage of other kills in the entire game.
 E = Experience gained in this place as a percentage of experience gained in the entire game.
 F = Experience gained in this place divided by the number of levels of this place that you have seen.
                   A       B       C       D       E      F
               +-------+-------+-------+-------+-------+----------------------
         Total | 100.0 | 100.0 |   N/A |   N/A | 100.0 | 490.4
       Dungeon | 100.0 | 100.0 |   N/A |   N/A | 100.0 | 560.4
               +-------+-------+-------+-------+-------+----------------------
